 Dungeon Crawl Stone Soup version 0.28.0-47-ge53b351184 (webtiles) character file.

Game seed: 14637280090866720125

4 JuniperTheExplorer the Sneak (level 1, 0/15 HPs)
             Began as a Naga Fire Elementalist on May 3, 2022.
             Slain by a bat (1 damage)
             ... on level 1 of the Dungeon.
             The game lasted 00:03:07 (187 turns).

JuniperTheExplorer the Sneak (NaFE)                  Turns: 187, Time: 00:03:08

Health: 0/15       AC:  1    Str: 10    XL:     1   Next: 70%
Magic:  1/3        EV:  9    Int: 15    God:
Gold:   25         SH:  0    Dex: 11    Spells: 3/4 levels left

rFire   . . .      SeeInvis +   (no weapon)
rCold   . . .      Faith    .   (no shield)
rNeg    . . .      Spirit   .   a - +0 robe
rPois   +          Reflect  .   (no helmet)
rElec   .          Harm     .   (no cloak)
rCorr   .          Rampage  .   (no gloves)
Will    .....                   (no barding)
Stlth   ++........              (no amulet)
HPRegen 0.05/turn               (no ring)
MPRegen 0.08/turn               (no ring)

@: very slow
A: AC +0, large, see invisible, deformed body, poison resistance, slowness 2,
spit poison 1, naga tail 1
a: Spit Poison


You were on level 1 of the Dungeon.
You visited 1 branch of the dungeon, and saw 1 of its levels.

You collected 25 gold pieces.

Inventory:

Armour
 a - a +0 robe (worn)
Potions
 b - a potion of ambrosia {unknown}


   Skills:
 * Level 0.1 Fighting
 + Level 0.0 Axes
 + Level 0.0 Armour
 * Level 1.6 Dodging
 + Level 3.0 Stealth
 + Level 0.0 Unarmed Combat
 * Level 2.0 Spellcasting
 * Level 1.0 Conjurations
 * Level 0.1 Hexes
 * Level 3.0 Fire Magic
 + Level 0.1 Poison Magic
 + Level 0.0 Invocations
 + Level 0.2 Evocations


You had 3 spell levels left.
You knew the following spells:

 Your Spells              Type           Power      Damage    Failure   Level
a - Foxfire               Conj/Fire      28%        2x1d5     10%         1

Your spell library contained the following spells:

 Spells                   Type           Power      Damage    Failure   Level
 Scorch                   Fire           20%        2d6       10%         2
 Conjure Flame            Conj/Fire      7%         6-21      28%         3
 Inner Flame              Hex/Fire       6%         N/A       34%         3
 Flame Wave               Conj/Fire      7%         2d5       67%         4


Dungeon Overview and Level Annotations

Branches:
Dungeon (1/15)

Altars:


Innate Abilities, Weirdness & Mutations

Your serpentine skin is tough. (AC +0)
You have supernaturally acute eyesight. (SInv)
Armour fits poorly on your strangely shaped body.
Your system is resistant to poisons. (rPois)
You cover ground very slowly.
You can spit poison.
You have a snake-like lower body.


Message History

The bat hits you. The bat closely misses you. The giant cockroach bites you.
The giant cockroach bites you.
Casting: Foxfire (safe; 10% risk of failure)
Press: ? - help, Q - select action, (/) - cycle Dir - look around, f - activate
Okay, then.
You have got your breath back.
The giant cockroach closely misses you.
Casting: Foxfire (safe; 10% risk of failure)
Press: ? - help, Q - select action, (/) - cycle Dir - look around, f - activate You conjure some foxfire!
The bat closely misses you. The giant cockroach bites you.
The foxfire hits the bat but does no damage.
Unknown command.
The foxfire hits the giant cockroach but does no damage.
The bat misses you. The giant cockroach closely misses you.
The giant cockroach barely misses you. The bat closely misses you.
The kobold hits you with a +0 short sword.
The giant cockroach bites you. The bat closely misses you. The bat hits you.
* * * LOW HITPOINT WARNING * * *
The giant cockroach closely misses you. The bat hits you but does no damage.
The bat closely misses you. The giant cockroach barely misses you.
You see here a +0 robe.
The bat hits you but does no damage. The bat hits you.
* * * LOW HITPOINT WARNING * * *
The giant cockroach bites you.
* * * LOW HITPOINT WARNING * * *
The bat hits you.
* * * LOW HITPOINT WARNING * * *
The bat barely misses you.
Casting: Foxfire (safe; 10% risk of failure)
Press: ? - help, Q - select action, (/) - cycle Dir - look around, f - activate You conjure some foxfire!
The bat hits you.
You die...

.......## #.#.# ..######
#...# ..###### ##..##
.......## #...#
........#.# #.#.#
...##...#.# .#.#.#
..####..#.##...#K#######
..####..#>#...##bB.....#
...##...#.#..###@v.....#
........#.....#.v......#
#......'#.†............#
########...............#
....###................#
.......................#
.....####.....[........#
.....# ##...##........#
.....# #######.......#


You could see a giant cockroach, a bat (ally target) and a kobold.

Vanquished Creatures
  A dart slug (D:1)
  A kobold (D:1)
  A frilled lizard (D:1)
3 creatures vanquished.

Vanquished Creatures (others)
  3 foxfires (D:1)
3 creatures vanquished.

Grand Total: 6 creatures vanquished

Notes
Turn   | Place    | Note
-------+----------+-------------------------------------------
     0 | D:1      | JuniperTheExplorer the Naga Fire Elementalist began the
                  | quest for the Orb.
     0 | D:1      | Reached XP level 1. HP: 15/15 MP: 3/3
   187 | D:1      | Slain by a bat

Illustrated notes

Levels and vault maps discovered:
D:1:      minmay_arrival_four_loops, layout_rooms

Action                   || total
-------------------------++-------
 Cast: Foxfire           ||     4
 Abil: Spit Poison       ||     2
Armor: Robe              ||     3
Dodge: Dodged            ||    15
